 Dungeon Crawl Stone Soup version 0.15.1-3-g1b33baa (webtiles) character file.

1467 Kex the Ducker (level 8, -7/66 HPs)
             Began as a Grey Draconian Transmuter on Oct 5, 2014.
             Killed by divine providence
             ... invoked by an orc priest
              (14 damage)
             ... on Level 7 of the Dungeon.
             The game lasted 00:34:55 (8924 turns).

Kex the Ducker (Grey Draconian Transmuter)          Turns: 8924, Time: 00:34:55

HP  -7/66        AC 14     Str 12      XL: 8   Next: 48%
MP  18/18        EV 15     Int 14      God:
Gold 375         SH  0     Dex 14      Spells:  3 memorised,  6 levels left

rFire  . . .     SeeInvis .     h - +4 dagger
rCold  . . .     Clarity  .     (armour unavailable)
rNeg   . . .     rCorr    .     (no shield)
rPois  +         rRot     .     (helmet restricted)
rElec  .         Spirit   .     y - +1 cloak {MR+}
SustAb .         Warding  .     e - +0 pair of gloves
rMut   .         Stasis   .     (no boots)
Gourm  .                        (no amulet)
MR     +....                    (no ring)
                                w - ring of stealth

@: somewhat resistant to hostile enchantments, fairly stealthy
A: walk through water, unfitting armour, fangs 1, poison resistance, spit poison
1, unbreathing, cold-blooded, AC +11
a: Spit Poison


You were on level 7 of the Dungeon.
You were not hungry.

You visited 1 branch of the dungeon, and saw 7 of its levels.

You collected 375 gold pieces.

Inventory:

Hand weapons
 h - a +4 dagger (weapon)
Missiles
 b - 36 arrows
Armour
 e - a +0 pair of gloves (worn)
 y - a +1 cloak of magic resistance (worn)
Comestibles
 a - 3 bread rations
 c - 4 chunks of orc flesh
 g - 3 chunks of orc flesh
 r - 5 meat rations
Scrolls
 f - 3 scrolls of remove curse
 i - a scroll of magic mapping {unknown}
 j - a scroll of amnesia {unknown}
 k - 3 scrolls of enchant armour {unknown}
 m - a scroll of enchant weapon {unknown}
 n - a scroll of noise {unknown}
 p - a scroll of immolation {unknown}
 q - 2 scrolls of fog
 t - 2 scrolls of recharging {unknown}
 A - a scroll of torment {unknown}
Jewellery
 w - a ring of stealth (left hand)
Potions
 o - a potion of flight
 s - 2 potions of confusion {unknown}
 x - a potion of brilliance
Books
 d - a book of Changes

   Spells                             Type                      Level
   *Beastly Appendage                 Transmutation                1
   Sticks to Snakes                   Transmutation                2
   *Spider Form                       Transmutation/Poison         3
   Ice Form                           Ice/Transmutation            4
   *Blade Hands                       Transmutation                5
 l - a book of Power

   Spells                             Type                      Level
   Fulminant Prism                    Conjuration/Hexes            4
   Iskenderun's Mystic Blast          Conjuration                  4
   Venom Bolt                         Conjuration/Poison           5
   Bolt of Magma                      Conjuration/Fire/Earth       5
   Iron Shot                          Conjuration/Earth            6
   Orb of Destruction                 Conjuration                  7
Magical staves
 D - an uncursed staff of death {unknown}


   Skills:
 + Level 3.7 Fighting
 + Level 2.5 Short Blades
 + Level 5.8 Dodging
 + Level 1.3 Stealth
 + Level 3.9 Unarmed Combat
 + Level 4.4 Spellcasting
 * Level 5.3 Transmutations
 + Level 0.2 Poison Magic


You had 6 spell levels left.
You knew the following spells:

 Your Spells              Type           Power        Failure   Level  Hunger
a - Beastly Appendage     Trmt           ###...       2%          1    None
b - Spider Form           Trmt/Pois      ##........   21%         3    ###....
c - Blade Hands           Trmt           ###.......   71%         5    #####..


Dungeon Overview and Level Annotations

Branches:
Dungeon (7/15)
 Temple: D:4-7

Altars:
Xom

Annotations:
D:2 Sigmund
D:5 Johnny's ghost, average DgIE
D:6 mutis' ghost, experienced MiBe


Innate Abilities, Weirdness & Mutations

You can walk through water.
Your dull iron-grey scales are very hard (AC +11).
Your body does not fit into most forms of armour.
You can survive without breathing.
Your cold-blooded metabolism reacts poorly to cold.
You have very sharp teeth.
Your system is resistant to poisons.
You can spit poison.


Message History

The orc warrior hits you from afar with a trident.
You barely miss the orc warrior. The orc warrior barely misses you.
You hit the orc warrior but do no damage.
Your bite misses the orc warrior.
The orc priest calls down the wrath of Beogh upon you.
Something smites you!
The orc warrior hits you with a trident.
You hit the orc warrior.
The orc warrior is lightly wounded.
The orc priest mumbles some strange prayers to Beogh against you.
Something smites you! The orc warrior closely misses you.
You hit the orc warrior but do no damage.
You bite the orc warrior, but do no damage.
The orc warrior is lightly wounded.
The orc warrior complains repeatedly.
The orc warrior hits you from afar with a trident!
* * * LOW HITPOINT WARNING * * *
The orc priest calls down the wrath of Beogh upon you.
Something smites you!
You die...

...# #.#..# . #..#
#.#..# .. ##..####
#.#..# #... ......#
#.#..# .....##..##.#
#.#..# ...#.....##.#
#....#
#.......##o###..#.#
##.#......ooo....#.#
#.....)...####@..#.#
#.......o.# #.....#
#.........# #...###
##.#..o#### ##..# #
#... #<.# ..... #..#
..... #..# # .?..
#..# #...# . #..#


You could see an orc warrior, an orc priest and 2 orcs.

Vanquished Creatures
  Pikel (D:4)
  A slave (D:4)
  An ice beast (D:5)
  2 ogres (D:4)
  A giant frog (D:6)
  A scorpion (D:5)
  A giant frog skeleton (D:4)
  A jelly (D:4)
  A hound (D:4)
  3 orc wizards
  2 orc priests
  An iguana (D:4)
  6 worker ants
  16 adders
  2 giant mites (D:4)
  2 shadow imps
  An inept item mimic (D:3)
  3 worms (D:2)
  4 giant geckos
  An ooze (D:6)
  15 orcs
  13 bats
  A bat skeleton (D:5)
  A bat zombie (D:7)
  3 giant cockroaches
  17 goblins
  11 hobgoblins
  12 jackals
  2 ball pythons
  6 giant newts
  A hobgoblin zombie (D:7)
  14 kobolds
  A kobold skeleton (D:5)
  5 quokkas
  13 rats
166 creatures vanquished.

Vanquished Creatures (others)
  A slave (D:4)
  An orc wizard (D:4)
  2 worker ants (D:4)
  A worm (D:4)
  A goblin skeleton (D:4)
6 creatures vanquished.

Grand Total: 172 creatures vanquished

Notes
Turn   | Place    | Note
--------------------------------------------------------------
     0 | D:1      | Kex, the Draconian Transmuter, began the quest for the Orb.
     0 | D:1      | Reached XP level 1. HP: 16/16 MP: 3/3
   239 | D:1      | Reached XP level 2. HP: 23/23 MP: 2/4
   416 | D:1      | Reached XP level 3. HP: 10/28 MP: 4/6
   743 | D:1      | Learned a level 3 spell: Spider Form
  1334 | D:2      | Reached XP level 4. HP: 33/35 MP: 6/8
  1974 | D:2      | Noticed Sigmund
  2839 | D:2      | Reached XP level 5. HP: 27/41 MP: 9/9
  4673 | D:4      | Reached XP level 6. HP: 23/49 MP: 13/13
  4871 | D:4      | Noticed an ogre
  4892 | D:4      | Killed an ogre
  5291 | D:4      | Noticed a slave
  5292 | D:4      | Noticed Pikel
  5325 | D:4      | Killed a slave
  5448 | D:4      | Killed Pikel
  5448 | D:4      | Reached skill level 1 in Short Blades
  5448 | D:4      | Reached skill level 4 in Dodging
  5448 | D:4      | Your scales start taking on a dull iron-grey colour.
  5448 | D:4      | Gained mutation: You can survive without breathing. [draconian maturity]
  5448 | D:4      | Reached XP level 7. HP: 23/57 MP: 12/15
  5449 | D:4      | Noticed a freed slave
  5452 | D:4      | Noticed a freed slave
  5453 | D:4      | Noticed a freed slave
  5689 | D:4      | Reached skill level 5 in Dodging
  5694 | D:4      | Noticed an ogre
  5696 | D:4      | Found a shimmering altar of Xom.
  5864 | D:4      | Killed a freed slave
  6020 | D:4      | Killed an ogre
  6020 | D:4      | Reached XP level 8. HP: 42/63 MP: 15/17
  6378 | D:5      | Entered Level 5 of the Dungeon
  6439 | D:5      | Noticed Johnny's ghost (average DgIE)
  7029 | D:4      | Reached skill level 1 in Stealth
  7571 | D:5      | Reached skill level 5 in Transmutations
  7581 | D:5      | Learned a level 5 spell: Blade Hands
  8207 | D:6      | Noticed mutis' ghost (experienced MiBe)
  8371 | D:6      | Gained mutation: You can spit poison. [potion of mutation]
  8371 | D:6      | Gained mutation: You have very sharp teeth. [potion of mutation]
  8371 | D:6      | Gained mutation: Your system is resistant to poisons. [potion of mutation]
  8924 | D:7      | Killed from afar by an orc priest

Action                   |  1- 3 |  4- 6 |  7- 9 || total
-------------------------+-------+-------+-------++-------
Melee: Unarmed           |   123 |   185 |     2 ||   310
       Dagger            |       |    94 |   278 ||   372
 Cast: Beastly Appendage |    21 |    42 |    38 ||   101
       Spider Form       |       |     3 |     3 ||     6
  Use: Scroll            |       |     7 |     5 ||    12
       Potion            |       |       |     8 ||     8
 Stab: Sleeping          |       |     1 |     1 ||     2
  Eat: Chunk             |     2 |    12 |     9 ||    23
       Pizza             |       |     1 |     1 ||     2
       Beef jerky        |       |       |     1 ||     1
